 Dungeon Crawl Stone Soup version 0.29-a0-557-g43b9904bd1 (webtiles) character file.

Game seed: 11263579354772661620

11 siradein the Caller (level 2, 0/19 HPs)
             Began as a Vampire Summoner on June 8, 2022.
             Slain by a hobgoblin (3 damage)
             ... on level 1 of the Dungeon.
             The game lasted 00:00:43 (249 turns).

siradein the Caller (Vampire Summoner)               Turns: 249, Time: 00:00:43

Health: 0/19       AC:  2    Str:  7    XL:     2   Next: 13%
Magic:  0/5        EV: 12    Int: 17    God:
Gold:   19         SH:  0    Dex: 14    Spells: 4/5 levels left

rFire   . . .      SeeInvis +   d - +0 spear
rCold   . . .      Faith    .   (no shield)
rNeg    . . .      Spirit   .   a - +0 robe
rPois   .          Reflect  .   (no helmet)
rElec   .          Harm     .   (no cloak)
rCorr   .          Rampage  .   (no gloves)
Will    .....                   (no boots)
Stlth   ++........              (no amulet)
HPRegen 0.26/turn               (no ring)
MPRegen 0.09/turn               (no ring)

@: healing quickly
A: alive, fangs 3, see invisible, vampiric 1
a: Exsanguinate


You were on level 1 of the Dungeon.
You visited 1 branch of the dungeon, and saw 1 of its levels.

You collected 19 gold pieces.

Inventory:

Hand Weapons
 d - a +0 spear (weapon)
Armour
 a - a +0 robe (worn)
Potions
 b - a potion of magic
 c - a potion of resistance {unknown}


   Skills:
 - Level 2.1 Dodging
 - Level 3.0 Stealth
 - Level 2.0 Spellcasting
 + Level 4.5 Summonings


You had 4 spell levels left.
You knew the following spells:

 Your Spells              Type           Power      Damage    Failure   Level
a - Summon Small Mammal   Summ           68%        N/A       3%          1

Your spell library contained the following spells:

 Spells                   Type           Power      Damage    Failure   Level
 Call Imp                 Summ           17%        N/A       4%          2
 Call Canine Familiar     Summ           17%        N/A       9%          3
 Summon Guardian Golem    Hex/Summ       9%         N/A       22%         3
 Summon Lightning Spire   Summ/Air       9%         N/A       58%         4


Dungeon Overview and Level Annotations

Branches:
Dungeon (1/15)

Altars:

Shops:
D:1 *


Innate Abilities, Weirdness & Mutations

Your natural rate of healing is accelerated.
You have razor-sharp teeth.
You have supernaturally acute eyesight. (SInv)
You are afflicted with vampirism.


Message History

Casting: Summon Small Mammal (safe; 3% risk of failure)
Confirm with . or Enter, or press ? or * to list all spells.
The jackal bites you. The jackal bites your quokka.
The quokka bites your quokka. The jackal misses you.
Your quokka bites the quokka.
The quokka dies!
The hobgoblin barely misses your quokka.
The jackal bites your quokka but does no damage.
The bat closely misses your quokka. The jackal barely misses you.
Your quokka closely misses the jackal.
The jackal completely misses your quokka.
The bat hits your quokka.
Your quokka dies!
Your quokka's corpse disappears in a puff of smoke!
You closely miss the jackal. The jackal misses your quokka.
Your quokka bites the jackal.
The jackal barely misses you. The hobgoblin hits you.
You hit the jackal.
The jackal is severely wounded.
The jackal bites your quokka.
Your quokka barely misses the jackal.
The hobgoblin hits you.
* * * LOW HITPOINT WARNING * * *
You hit the jackal but do no damage.
The jackal is severely wounded.
The jackal completely misses you.
Your quokka barely misses the jackal.
The hobgoblin closely misses you. The jackal bites you.
* * * LOW HITPOINT WARNING * * *
Your quokka bites the jackal.
Unknown command.
Your quokka closely misses the jackal.
Found a bubbling green potion.
Your quokka bites the jackal.
The jackal misses you.
You hit the jackal.
You kill the jackal!
You closely miss the hobgoblin. The hobgoblin hits you.
* * * LOW HITPOINT WARNING * * *
Casting: Summon Small Mammal (safe; 3% risk of failure)
Confirm with . or Enter, or press ? or * to list all spells.
The hobgoblin hits you.
You die...

#.# #. .#..†.......# #.###
... #. #..........# #.#..
##.##.###.......)..# #....
..................## #....
......##.#....############
.###.#..r.#....+.........##
.8.8.8..h##....#.........'.
..⌠.⌠..#.##....#.........##
.8.∩.8.#.g@.r..#.........#
#.⌠.⌠..###.....#.........##
#8.8.8. ......#.........#.
##.##.. ###...##.........#'
... .?. ...##.........#< ..
... ....#########'## #.....
#...... ..!.. #......
#...8..


You could see a hobgoblin (ally target) and a friendly quokka (summoned).

Vanquished Creatures
  2 jackals (D:1)
  A quokka (D:1)
  A bat (D:1)
4 creatures vanquished.

Vanquished Creatures (collateral kills)
  A bat (D:1)
  An endoplasm (D:1)
  A quokka (D:1)
  2 goblins (D:1)
5 creatures vanquished.

Grand Total: 9 creatures vanquished

Notes
Turn   | Place    | Note
-------+----------+-------------------------------------------
     0 | D:1      | siradein the Vampire Summoner began the quest for the Orb.
     0 | D:1      | Reached XP level 1. HP: 13/13 MP: 3/3
   219 | D:1      | Found Dywnabb's Assorted Antiques.
   238 | D:1      | Reached XP level 2. HP: 12/19 MP: 1/5
   249 | D:1      | Slain by a hobgoblin

Illustrated notes

Levels and vault maps discovered:
D:1:      evilmike_arrival_fibonacci_small, layout_rooms,
          hellmonk_ecumenical_altar_watching_god, serial_shops,
          nicolae_shop_temple_entry_statues_fountains

Action                   || total
-------------------------++-------
Melee: Spear             ||    21
       Unarmed           ||     4
       Bite              ||     1
 Cast: Summon Small Mamm ||    16
Armor: Robe              ||    12
Dodge: Dodged            ||    29

Table legend: (Time is in decaauts)
 A = Elapsed time spent in this place.
 B = Non-inter-level travel time spent in this place.
 C = Inter-level travel time spent in this place.
 D = Time resting spent in this place.
 E = Time spent auto-exploring this place.
 F = Levels seen in this place.
 G = Mean time per level.
                   A        B        C        D        E       F      G
               +--------+--------+--------+--------+--------+-----+--------+
         Total |    250 |    250 |      0 |      0 |    185 |   1 |  250.0 |
       Dungeon |    250 |    250 |      0 |      0 |    185 |   1 |  250.0 |
               +--------+--------+--------+--------+--------+-----+--------+

Top non-repeatable levels by time:
     D:1: 250 daAuts
